AoeStats
← REI_JT30

MegaRandom

506382746Analyzed
1v1 RM · 19d ago on Sep 13, 2026· 56m 14s· 2 players
Game mode
Random Map
Map size
Tiny (2 player)
Population
200
Speed
Normal
Resources
Standard
Victory
Conquest
Starting age
Dark Age
Ending age
Imperial Age
RankedLock teamsTeams togetherTeam positionsShared explorationLock speedFull tech treeHidden civsTurbo modeCheats
Victory
Defeat
🇨🇳 Mongols · China
856
+15
🇧🇷 Tupi · Brazil
825
-15
REI_JT30
11:15 Feudal Age
11:42 Double-Bit Axe
11:53 Horse Collar
19:04 Castle Age
17:18 Stone Mining
18:25 Fletching
20:38 Wheelbarrow
19:40 Crossbowman
20:56 Bodkin Arrow
21:42 Gold Mining
22:16 Squires
24:20 Elite Skirmisher
25:25 Heavy Plow
26:30 Ballistics
26:05 Champi Runner
26:11 Pikeman
32:51 Loom
33:53 Bow Saw
36:35 Imperial Age
34:50 Hand Cart
34:59 Champi Runner
35:26 Arson
37:08 Gold Shaft Mining
37:33 Curare
37:50 Bracer
37:51 Padded Archer Armor
38:02 Forging
37:54 Arrowslits
39:46 Chemistry
38:41 Champi Warrior
39:40 Leather Archer Armor
40:02 Conscription
42:58 Guard Tower
44:24 Ring Archer Armor
46:21 Elite Champi Warrior
51:27 Iron Casting
50:53 Scale Mail Armor
52:02 Halberdier
53:14 Chain Mail Armor
815555856
1:48 Loom
11:29 Feudal Age
12:04 Double-Bit Axe
14:26 Stone Mining
16:58 Castle Age
15:21 Horse Collar
19:22 Heavy Plow
19:48 Bow Saw
21:45 Ballistics
22:27 Fletching
23:05 Heavy Plow
23:18 Town Watch
24:43 Padded Archer Armor
24:50 Scale Barding Armor
27:33 Husbandry
27:44 Bloodlines
28:55 Wheelbarrow
29:21 Leather Archer Armor
32:08 Bodkin Arrow
37:44 Imperial Age
35:55 Hand Cart
36:06 Chain Barding Armor
35:56 Forging
35:53 Light Cavalry
36:45 Nomads
36:11 Elite Skirmisher
37:10 Gold Mining
37:50 Town Patrol
38:54 Conscription
39:21 Hussar
44:22 Iron Casting
48:52 Blast Furnace
49:03 Bracer
49:38 Elite Mangudai
52:55 Hoardings
52:50 Cavalier
Connection lost

Rejoining the realm…

Still unreachable

The connection could not be restored.

Session expired

The server has moved on; the page needs a fresh start.